 Dungeon Crawl Stone Soup version 0.30-a0-1074-g5db6f66fbb (console) character file.

Game seed: 7175529632198451788

152 Ignak the Ogre Mage (level 5, 0/48 HPs)
             Began as an Ogre Hedge Wizard on Apr 14, 2023.
             Killed from afar by a white imp (10 damage)
             ... with a puff of frost
             ... on level 4 of the Dungeon.
             The game lasted 00:06:58 (3159 turns).

Ignak the Ogre Mage (Ogre Hedge Wizard)             Turns: 3159, Time: 00:06:58

Health: 0/48       AC:  5    Str: 12 (13) XL:     5   Next: 34%
Magic:  4/11       EV:  9    Int: 19 (21) God:
Gold:   157        SH:  0    Dex:  6 (7)  Spells: 1/12 levels left

rFire   . . .      SeeInvis +    f - +0 war axe
rCold   . . .      Faith    .    (no shield)
rNeg    . . .      Spirit   .    b - +0 robe
rPois   .          Reflect  .    c - +0 hat
rElec   .          Rampage  .    (no cloak)
rCorr   .          Rnd*Tele +    (gloves unavailable)
Will    .....                    (boots unavailable)
Stlth   +                        (no amulet)
HPRegen 0.28/turn                m - ring of see invisible
MPRegen 0.12/turn                (no ring)

@: about to teleport, on blink cooldown
A: large, unfitting armour, tough skin 1, iridescent scales 1, clever 1,
deterioration 1, teleportitis 1, evolution 1
a: no special abilities


You were on level 4 of the Dungeon.
You visited 1 branch of the dungeon, and saw 4 of its levels.

You collected 157 gold pieces.

Inventory:

Hand Weapons
 f - a +0 war axe (weapon)
 j - a +2 short sword of venom
Missiles
 s - 14 poisoned darts (quivered)
Armour
 b - a +0 robe (worn)
 c - a +0 hat (worn)
Jewellery
 m - a ring of see invisible (left hand)
Scrolls
 a - 2 scrolls of identify {unknown}
 g - a scroll of vulnerability
 o - a scroll of brand weapon {unknown}
Potions
 d - a potion of magic
 e - a potion of attraction {unknown}
 h - a potion of curing
 k - a potion of resistance {unknown}
 l - a potion of cancellation {unknown}
 n - a potion of flight {unknown}
 p - a potion of degeneration {unknown}
 q - a potion of heal wounds {unknown}
 r - a potion of brilliance {unknown}


   Skills:
 + Level 1.1 Fighting
 + Level 0.1 Axes
 + Level 2.6 Dodging
 - Level 1.4 Stealth
 + Level 4.2 Spellcasting
 + Level 2.0 Conjurations
 - Level 0.8 Summonings
 + Level 2.1 Translocations
 * Level 1.0 Ice Magic
 + Level 0.2 Air Magic
 + Level 0.6 Poison Magic


You had one spell level left.
You knew the following spells:

 Your Spells              Type           Power      Damage    Failure   Level
a - Magic Dart            Conj           44%        1d5       6%          1
b - Blink                 Tloc           24%        N/A       9%          2
c - Frozen Ramparts       Ice            16%        1d3       26%         3
d - Mephitic Cloud        Conj/Pois/Air  7%         N/A       26%         3
e - Call Imp              Summ           14%        N/A       14%         2

Your spell library contained the following spells:

 Spells                   Type           Power      Damage    Failure   Level
 Freeze                   Ice            32%        1d5       9%          1
 Kiss of Death            Conj/Necr      28%        2d7       9%          1
 Slow                     Hex            16%        N/A       14%         1
 Lesser Beckoning         Tloc           24%        N/A       9%          2
 Gell's Gravitas          Tloc           12%        N/A       17%         3
 Teleport Other           Tloc           12%        N/A       17%         3
 Cigotuvi's Dreadful Rot  Necr/Pois/Air  10%        N/A       19%         2
 Hailstorm                Conj/Ice       9%         3d4       22%         3
 Confusing Touch          Hex            4%         N/A       38%         3
 Dispel Undead            Necr           4%         3d7       80%         4


Dungeon Overview and Level Annotations

Branches:
Dungeon (4/15)
 Temple: D:4-7

Altars:
Trog


Innate Abilities, Weirdness & Mutations

You are too large for most types of armour.
You have tough skin. (AC +1)
You are partially covered in iridescent scales. (AC +2)
Your mind is acute. (Int +4, Str/Dex -1)
Your body sometimes deteriorates upon taking damage.
You are occasionally teleported next to monsters.
You have hidden genetic potential.


Message History

You barely miss the iguana.
The iguana is severely wounded.
The iguana barely misses you.
A white imp comes into view.
Your cerulean imp hits the iguana but does no damage.
The iguana closely misses you.
Your cerulean imp closely misses the iguana.
You hit the iguana but do no damage.
The iguana is severely wounded.
Your cerulean imp disappears in a puff of smoke!
The iguana bites you.
You closely miss the iguana.
The iguana is severely wounded.
The iguana bites you. The white imp gestures at you.
The puff of frost hits you!
* * * LOW HITPOINT WARNING * * *
Your body deteriorates!
You feel dopey. The iguana bites you.
* * * LOW HITPOINT WARNING * * *
Press: ? - help, v - describe, . - travel
Here: a white imp The floor.
Casting: Mephitic Cloud (dangerous; 26% risk of failure)
Confirm with . or Enter, or press ? or * to list all spells.
You blink.
An adder comes into view.
Found 12 gold pieces and a green potion.
The adder hisses angrily.
Okay, then.
You feel better. The adder bites you but does no damage.
The white imp gestures at you. The puff of frost hits you.
* * * LOW HITPOINT WARNING * * *
As you read the scroll of teleportation, it crumbles to dust.
You feel strangely unstable. The adder bites you but does no damage.
The white imp hits you but does no damage.
The white imp gestures at you. The puff of frost hits you!
You die...

##+###### #.......#
#..)....# ###.)...#
#..<.## #
#..).##### .#
##.##.)...##..###
+......l.5S.....#
......#####@#.###.#
P....# #$#.#
♣.P+..# #.#.#
♣♣♣##. #.#!. #.#.#
#.#.# #.#.# ..#


You could see an iguana, an adder and a white imp.

Vanquished Creatures
  An orc wizard (D:3)
  An adder (D:2)
  A worm (D:3)
  2 dart slugs (D:2)
  10 orcs (D:3)
  3 endoplasms
  7 giant cockroaches
  4 hobgoblins
  2 kobolds
  4 ball pythons
  7 bats
  5 frilled lizards
  8 goblins
  7 rats
62 creatures vanquished.

Vanquished Creatures (collateral kills)
  A jelly (D:1)
  A dart slug (D:4)
  A jackal (D:3)
  A ball python (D:2)
  A rat (D:3)
5 creatures vanquished.

Grand Total: 67 creatures vanquished

Notes
Turn   | Place    | Note
-------+----------+-------------------------------------------
     0 | D:1      | Ignak the Ogre Hedge Wizard began the quest for the Orb.
     0 | D:1      | Reached XP level 1. HP: 16/16 MP: 5/5
   230 | D:1      | Reached skill level 1 in Conjurations
   376 | D:1      | Reached skill level 1 in Translocations
   469 | D:1      | Found a faded altar of an unknown god.
   558 | D:1      | Reached XP level 2. HP: 22/24 MP: 6/6
   561 | D:1      | Learned a level 2 spell: Blink
   564 | D:1      | Learned a level 2 spell: Call Imp
  1002 | D:1      | Reached skill level 4 in Spellcasting
  1002 | D:1      | Reached XP level 3. HP: 25/31 MP: 1/8
  1167 | D:2      | Reached XP level 4. HP: 38/39 MP: 7/10
  1329 | D:2      | Learned a level 3 spell: Mephitic Cloud
  1538 | D:2      | Learned a level 3 spell: Frozen Ramparts
  1610 | D:3      | Gained mutation: You are weak. (Str -2) [potion of
                  | mutation]
  1610 | D:3      | Gained mutation: Your flesh is heat resistant. (rF+)
                  | [potion of mutation]
  1610 | D:3      | Gained mutation: Your body sometimes deteriorates upon
                  | taking damage. [potion of mutation]
  1611 | D:3      | Lost mutation: Your flesh is heat resistant. (rF+) [potion
                  | of mutation]
  1611 | D:3      | Lost mutation: You are weak. (Str -2) [potion of mutation]
  1611 | D:3      | Gained mutation: Your mind is acute. (Int +4, Str/Dex -1)
                  | [potion of mutation]
  1611 | D:3      | Gained mutation: You are occasionally teleported next to
                  | monsters. [potion of mutation]
  1611 | D:3      | Gained mutation: You have hidden genetic potential. [potion
                  | of mutation]
  2092 | D:3      | Reached XP level 5. HP: 46/46 MP: 11/11
  2230 | D:3      | Reached skill level 1 in Fighting
  2436 | D:3      | Gained mutation: You are partially covered in iridescent
                  | scales. (AC +2) [hidden potential]
  2603 | D:3      | Noticed a moth of wrath
  2625 | D:3      | Found a bloodstained altar of Trog.
  2934 | D:3      | Reached skill level 1 in Ice Magic
  3159 | D:4      | Killed from afar by a white imp

Illustrated notes

Levels and vault maps discovered:
D:1:      tarquinn_simple_flora_water_f, layout_basic,
          chequers_ecumenical_altar_simple_redux, nicolae_figureground_pulse
D:2:      layout_rooms
D:3:      layout_basic, tgw_trog, minmay_quantized
D:4:      layout_loops_ring, mainiacjoe_overflow_six_doors_small,
          uniq_crazy_yiuf_cottage

Skill      XL: |  1  2  3  4  5 |
---------------+----------------+-----
Conjurations   | 1 2 |  2.0
Translocations | 1 2 |  2.1
Dodging        | 2 |  2.6
Spellcasting   | 4 |  4.2
Fighting       | 1 |  1.1
Ice Magic      | 1 |  1.0
Axes           | |  0.1
Stealth        | |  1.4
Summonings     | |  0.8
Air Magic      | |  0.2
Poison Magic   | |  0.6

Action                     |  1- 3 |  4- 6 || total
---------------------------+-------+-------++-------
  Melee: Dagger            |    50 |       ||    50
         Short sword       |    33 |    48 ||    81
         War axe           |       |   107 ||   107
         Punch             |       |     2 ||     2
   Cast: Magic Dart        |     1 |       ||     1
         Call Imp          |     3 |     5 ||     8
         Blink             |     1 |     2 ||     3
         Mephitic Cloud    |       |     2 ||     2
         Frozen Ramparts   |       |     5 ||     5
    Use: Potion            |       |     4 ||     4
         Scroll            |       |     3 ||     3
   Stab: Sleeping          |     1 |       ||     1
 Armour: Robe              |    48 |    67 ||   115
  Dodge: Dodged            |    45 |   102 ||   147

Table legend: (Time is in decaauts)
 A = Elapsed time spent in this place.
 B = Non-inter-level travel time spent in this place.
 C = Inter-level travel time spent in this place.
 D = Time resting spent in this place.
 E = Time spent auto-exploring this place.
 F = Levels seen in this place.
 G = Mean time per level.
                   A        B        C        D        E       F      G
               +--------+--------+--------+--------+--------+-----+--------+
         Total |   3210 |   3115 |     95 |    417 |   1771 |   4 |  802.5 |
       Dungeon |   3210 |   3115 |     95 |    417 |   1771 |   4 |  802.5 |
               +--------+--------+--------+--------+--------+-----+--------+

Top non-repeatable levels by time:
     D:3: 1544 daAuts
     D:1: 1034 daAuts
     D:2: 573 daAuts
     D:4: 59 daAuts
